 Dungeon Crawl Stone Soup version 0.31-a0-358-gac0dbeb3ab (webtiles) character file.

Game seed: 10087269813510321945

42 Grim the Shooter (level 3, 0/30 HPs)
             Began as a Minotaur Hunter on July 25, 2023.
             Slain by Sigmund
             ... wielding a +2 scythe of freezing
              (2 damage)
             ... on level 2 of the Dungeon.
             The game lasted 00:02:54 (1108 turns).

Grim the Shooter (Minotaur Hunter)                  Turns: 1108, Time: 00:02:55

Health: 0/30       AC:  4    Str: 15    XL:     3   Next: 33%
Magic:  2/2        EV: 12    Int:  6    God:
Gold:   58         SH:  0    Dex: 15    Spells: 2/2 levels left

rFire   . . .        b - +0 short sword
rCold   . . .        (no shield)
rNeg    . . .        c - +0 leather armour
rPois   .            (helmet restricted)
rElec   .            (no cloak)
rCorr   +            g - +0 pair of gloves
SInv    .            (no boots)
Will    .....        n - amulet of regeneration
Stlth   +            e - ring of resist corrosion
HPRegen 1.05/turn    (no ring)
MPRegen 0.08/turn

%: no passive effects
@: no status effects
A: horns 2, retaliatory headbutt
a: no special abilities


You were on level 2 of the Dungeon.
You visited 1 branch of the dungeon, and saw 2 of its levels.

You collected 58 gold pieces.

Inventory:

Hand Weapons
 a - a +0 shortbow
 b - a +0 short sword (weapon)
Armour
 c - a +0 leather armour (worn)
 g - a +0 pair of gloves (worn)
Jewellery
 e - a ring of resist corrosion (left hand)
 n - an amulet of regeneration (around neck)
Scrolls
 d - a scroll of teleportation {unknown}
 f - a scroll of butterflies
 j - a scroll of fog {unknown}
 l - a scroll of poison {unknown}
 m - a scroll of identify {unknown}
Potions
 h - a potion of mutation {unknown}
 i - a potion of might {unknown}
 k - a potion of heal wounds {unknown}


   Skills:
 - Level 2.4 Fighting
 + Level 0.0 Short Blades
 * Level 5.7 Ranged Weapons
 - Level 2.1 Dodging
 - Level 0.7 Stealth


You had 2 spell levels left.
You didn't know any spells.
Your spell library contained the following spells:

 Spells                   Type           Power      Damage    Failure   Level
 Magic Dart               Conj           0%         1d3       52%         1
 Call Imp                 Summ           0%         N/A       67%         2
 Mephitic Cloud           Conj/Pois/Air  0%         N/A       88%         3


Dungeon Overview and Level Annotations

Branches:
Dungeon (2/15)

Altars:

Annotations:
D:2 Sigmund


Innate Abilities, Weirdness & Mutations

You have a pair of horns on your head.
You reflexively headbutt those who attack you in melee.


Message History

You bump into the rock wall.
You feel less confused.
Things that are here:
a +0 dagger; a kobold corpse You see here a +0 trident.
A puff of flame appears from out of thin air!
The puff of flame misses you.
You hear some strange, mumbled words.
You are confused.
A magic dart appears from out of thin air!
The magic dart hits you.
You bump into the rock wall.
You bump into the rock wall.
Something hits you! Something freezes you.
* * * LOW HITPOINT WARNING * * *
You feel less confused.
Things that are here:
a +0 long sword; a +0 mace You hear some strange, mumbled words.
Something tries to affect you, but you resist.
Something hits you. Something freezes you.
* * * LOW HITPOINT WARNING * * *
Things that are here:
a +0 long sword; a +0 mace You hit something but do no damage.
Something hits you but does no damage.
You hit something but do no damage. You closely miss something.
Something hits you.
* * * LOW HITPOINT WARNING * * *
Something freezes you.
* * * LOW HITPOINT WARNING * * *
You hit something. Something hits you!
* * * LOW HITPOINT WARNING * * *
Something freezes you.
* * * LOW HITPOINT WARNING * * *
You hit something. You hit something.
Sigmund appears from thin air!
Reactivating autopickup.
Sigmund hits you with a +2 scythe of freezing!
* * * LOW HITPOINT WARNING * * *
Sigmund freezes you.
You die...

.####...#####.###...†
#...# #......... #...#
##.##†...# #...#
####..### ##.## #..###
##.## #..... #..†######
#.....
#########.........#######
#......@@..........
##....#.#######.##.#
#.......# ... #.......#
##. #.......# .
##.#...#.# #.###....#
##.#.##### #####.###


You could see Sigmund.

Vanquished Creatures
  A worm (D:2)
  6 endoplasms
  A giant cockroach (D:1)
  5 hobgoblins
  2 kobolds (D:2)
  2 quokkas (D:1)
  5 ball pythons
  3 frilled lizards
  5 goblins
  5 rats
35 creatures vanquished.

Notes
Turn   | Place    | Note
-------+----------+-------------------------------------------
     0 | D:1      | Grim the Minotaur Hunter began the quest for the Orb.
     0 | D:1      | Reached XP level 1. HP: 18/18 MP: 0/0
   278 | D:1      | Reached XP level 2. HP: 24/25 MP: 1/1
   280 | D:1      | Reached skill level 5 in Ranged Weapons
   652 | D:1      | Found a faded altar of an unknown god.
   793 | D:2      | Reached XP level 3. HP: 26/30 MP: 2/2
  1061 | D:2      | Noticed Sigmund
  1108 | D:2      | Slain by Sigmund

Illustrated notes

Levels and vault maps discovered:
D:1:      dpeg_arrival_water_temple_mockup, layout_rooms,
          shapermc_ecumenical_altar_mp_ritualfount, minmay_misc_feat_encased,
          minmay_tetromino_l2
D:2:      kennysheep_the_goblin_king, layout_loops_cross,
          corexii_leaking_fountain, chequers_serial_rivers_micro_b, uniq_sigmund

Skill      XL: |  1  2 |
---------------+-------+-----
Ranged Weapons | 5 |  5.7
Fighting       | |  2.4
Dodging        | |  2.1
Stealth        | |  0.7

Action                     || total
---------------------------++-------
  Melee: Long sword        ||    35
         Headbutt          ||    10
         Unarmed           ||     1
         Short sword       ||     8
   Fire: Shortbow          ||    64
   Stab: Sleeping          ||     1
 Armour: Leather armour    ||    12
  Dodge: Dodged            ||    24

Table legend: (Time is in decaauts)
 A = Elapsed time spent in this place.
 B = Non-inter-level travel time spent in this place.
 C = Inter-level travel time spent in this place.
 D = Time resting spent in this place.
 E = Time spent auto-exploring this place.
 F = Levels seen in this place.
 G = Mean time per level.
                   A        B        C        D        E       F      G
               +--------+--------+--------+--------+--------+-----+--------+
         Total |   1117 |   1103 |     14 |    158 |    652 |   2 |  558.5 |
       Dungeon |   1117 |   1103 |     14 |    158 |    652 |   2 |  558.5 |
               +--------+--------+--------+--------+--------+-----+--------+

Top non-repeatable levels by time:
     D:1: 683 daAuts
     D:2: 434 daAuts
